 Dungeon Crawl Stone Soup version 0.31-a0-164-g2312942fda (webtiles) character file.

Game seed: 13739380987187388727

432 rabbitsville the Chopper (level 7, -3/64 HPs)
             Began as a Hill Orc Monk on June 13, 2023.
             Slain by a black bear (5 damage)
             ... on level 5 of the Dungeon.
             The game lasted 00:11:19 (3955 turns).

rabbitsville the Chopper (Hill Orc Monk)            Turns: 3955, Time: 00:11:20

Health: -3/64      AC:  5    Str: 14 (16) XL:     7   Next: 0%
Magic:  7/7        EV: 11    Int:  9 (10) God:
Gold:   215        SH:  0    Dex: 10 (13) Spells: 6/6 levels left

rFire   . . .        a - +0 hand axe
rCold   . . .        d - orb {light}
rNeg    . . .        e - +0 ring mail
rPois   +            (no helmet)
rElec   .            (no cloak)
rCorr   .            (no gloves)
SInv    .            (no boots)
Will    +....        (no amulet) Stlth
                     k - ring of poison resistance
HPRegen 0.30/turn    (no ring)
MPRegen 0.10/turn

%: no passive effects
@: enlightened, flying, glowing
A: no striking features
a: no special abilities


You were on level 5 of the Dungeon.
You visited 2 branches of the dungeon, and saw 6 of its levels.

You collected 215 gold pieces.

Inventory:

Hand Weapons
 a - a +0 hand axe (weapon)
Missiles
 n - 2 poisoned darts
Armour
 b - a +0 robe
 d - an orb of light (worn)
 e - a +0 ring mail (worn)
Jewellery
 k - a ring of poison resistance (left hand)
 x - an amulet of guardian spirit
Wands
 p - a wand of mindburst (12) (quivered)
 q - a wand of quicksilver (6)
Scrolls
 f - a scroll of acquirement {unknown}
 g - 3 scrolls of vulnerability {unknown}
 h - 3 scrolls of amnesia {unknown}
 i - 3 scrolls of teleportation {unknown}
 j - 3 scrolls of identify {unknown}
 l - 3 scrolls of noise {unknown}
 m - a scroll of brand weapon {unknown}
 r - a scroll of poison {unknown}
 u - a scroll of revelation {unknown}
 v - a scroll of torment {unknown}
 w - a scroll of summoning {unknown}
Potions
 c - a potion of degeneration
 o - a potion of curing {unknown}
 s - a potion of heal wounds {unknown}


   Skills:
 + Level 6.9 Fighting
 + Level 7.6 Axes
 - Level 2.4 Dodging


You had 6 spell levels left.
You didn't know any spells.
Your spell library contained the following spells:

 Spells                   Type           Power      Damage    Failure   Level
 Freeze                   Ice            0%         1d3       63%         1
 Summon Small Mammal      Summ           0%         N/A       63%         1
 Ensorcelled Hibernation  Hex/Ice        0%         N/A       77%         2
 Call Canine Familiar     Summ           0%         N/A       94%         3
 Dazzling Flash           Conj/Hex       0%         N/A       94%         3
 Spider Form              Tmut/Pois      0%         N/A       94%         3
 Summon Guardian Golem    Hex/Summ       0%         N/A       94%         3
 Anguish                  Hex/Necr       0%         N/A       100%        4
 Agony                    Necr           0%         N/A       100%        5
 Silence                  Hex/Air        0%         N/A       100%        5
 Simulacrum               Ice/Necr       0%         N/A       100%        6
 Ozocubu's Refrigeration  Ice            0%         4d7       100%        7
 Polar Vortex             Ice            0%         N/A       100%        9


Dungeon Overview and Level Annotations

Branches:
Dungeon (5/15)             Temple (1/1) D:4

Altars:
Ashenzari
Cheibriados
Dithmenos
Hepliaklqana
Kikubaaqudgha
Okawaru
Qazlal
Ru
Sif Muna
Wu Jian
Xom

Portals:
Ossuary: D:5


Message History

The orc hits you from afar with a +0 trident!
You hit the black bear.
The black bear is almost dead.
The black bear bites you but does no damage.
The black bear claws you but does no damage.
The black bear barely misses you. The orc hits you but does no damage.
You hit the black bear but do no damage.
The black bear is severely wounded.
The black bear goes berserk!
The orc hits you but does no damage.
You hit the black bear but do no damage.
The black bear is severely wounded.
The black bear bites you but does no damage.
The black bear barely misses you. The black bear claws you.
The orc hits you from afar with a +0 trident!
* * * LOW HITPOINT WARNING * * *
The black bear bites you but does no damage.
The black bear barely misses you.
The black bear claws you but does no damage.
You completely miss the black bear.
The black bear is severely wounded.
The orc misses you. The black bear barely misses you. The black bear claws you.
* * * LOW HITPOINT WARNING * * *
The black bear claws you but does no damage.
It was a potion of degeneration.
There was something very wrong with that liquid.
You feel weakened.
You feel dopey.
You feel clumsy. The black bear bites you.
* * * LOW HITPOINT WARNING * * *
The black bear claws you.
* * * LOW HITPOINT WARNING * * *
The black bear barely misses you. The orc hits you but does no damage.
It was a potion of enlightenment.
You feel very buoyant.
You fly up into the air.
The black bear barely misses you. The black bear claws you.
* * * LOW HITPOINT WARNING * * *
The black bear claws you.
* * * LOW HITPOINT WARNING * * *
The orc barely misses you. The black bear bites you.
You die...

##.####...###.##........
##..........[.##.##.#?..
........................
##............##....##.#
##.####...###.##.#..##.#
...# #.#.# #...w.o.....
#### #.###.#####o#.###.#
## ## #h#.# # #@# #
#........# #.##.#.### #.
.# #. . #. #. .. .# #. #


You could see a black bear (berserk), a dart slug and an orc.

Vanquished Creatures
  A phantom (D:4)
  A hound (D:4)
  3 iguanas
  Natasha (thrice) (D:2)
  A sleepcap (D:4)
  A gnoll (D:3)
  5 adders
  4 worms (D:3)
  4 dart slugs
  6 orcs
  4 endoplasms
  2 giant cockroaches (D:3)
  4 goblins
  3 hobgoblins
  10 jackals
  3 quokkas
  8 ball pythons
  3 bats
  4 frilled lizards (D:3)
  6 kobolds
  5 rats
81 creatures vanquished.

Notes
Turn   | Place    | Note
-------+----------+-------------------------------------------
     0 | D:1      | rabbitsville the Hill Orc Monk began the quest for the Orb.
     0 | D:1      | Reached XP level 1. HP: 19/19 MP: 1/1
   139 | D:1      | Reached XP level 2. HP: 24/27 MP: 2/2
   142 | D:1      | Found a faded altar of an unknown god.
   153 | D:1      | Got Plato's Exposition on Graupel
   765 | D:2      | Reached XP level 3. HP: 23/34 MP: 3/3
   932 | D:2      | Reached skill level 5 in Axes
  1001 | D:2      | Noticed Natasha
  1016 | D:2      | Killed Natasha
  1017 | D:2      | Reached XP level 4. HP: 31/41 MP: 4/4
  1044 | D:2      | Noticed Natasha
  1056 | D:2      | Killed Natasha
  1057 | D:2      | Reached skill level 5 in Fighting
  1174 | D:2      | Noticed Natasha
  1187 | D:2      | Killed Natasha
  1392 | D:2      | Reached XP level 5. HP: 39/48 MP: 5/5
  1688 | D:3      | Reached skill level 6 in Axes
  2392 | D:4      | Noticed a phantom
  2400 | D:3      | Reached XP level 6. HP: 26/57 MP: 6/6
  2585 | D:4      | Found a staircase to the Ecumenical Temple.
  2597 | Temple   | Entered the Ecumenical Temple
  3302 | D:4      | Reached skill level 7 in Axes
  3771 | D:5      | Entered Level 5 of the Dungeon
  3927 | D:5      | Found a sand-covered staircase.
  3929 | D:5      | Noticed a black bear
  3947 | D:5      | Reached XP level 7. HP: 52/64 MP: 7/7
  3955 | D:5      | HP: 2/64 [black bear (5)]
  3955 | D:5      | Slain by a black bear

Illustrated notes

Levels and vault maps discovered:
D:1:      dpeg_arrival_three_same_balls, layout_loops_cross,
          shapermc_ecumenical_altar_rom_forum, chequers_serial_rivers_micro_e,
          hangedman_decor_diamond_cutter, fountainhead, amethyst_killhole
D:2:      layout_basic, serial_aquarium, aquarium_bridge_straight
          [aquarium_subvault_bridge, aquarium_subvault_balcony,
          aquarium_subvault_bridge, aquarium_subvault_wall], aquarium_window_1,
          aquarium_window_corridor_1, aquarium_window_1, aquarium_window_1,
          aquarium_view_2a, aquarium_view_2e, aquarium_pool_side, uniq_natasha
D:3:      layout_loops_ring, dreamdust_princess_corridor, st_stairs_4,
          dk_noncrumbling_4, minmay_joined_circles
D:4:      wad_lake_hut, layout_gridville, minmay_temple_entry_stoned_glass
D:5:      layout_loops_cross, mainiacjoe_overflow_boulevard,
          nicolae_ossuary_entry_ruins
Temple:   nicolae_temple_bog_church

Skill      XL: |  1  2  3  4  5  6 |
---------------+-------------------+-----
Fighting       | 4 5 6 |  6.9
Axes           | 5 6 7 |  7.6
Dodging        | |  2.4

Action                     |  1- 3 |  4- 6 |  7- 9 || total
---------------------------+-------+-------+-------++-------
  Melee: Hand axe          |    65 |   231 |     6 ||   302
  Evoke: Wand              |       |       |     1 ||     1
    Use: Potion            |       |     1 |     2 ||     3
 Armour: Ring mail         |    20 |    60 |    10 ||    90
  Dodge: Dodged            |    41 |   115 |     9 ||   165

Table legend: (Time is in decaauts)
 A = Elapsed time spent in this place.
 B = Non-inter-level travel time spent in this place.
 C = Inter-level travel time spent in this place.
 D = Time resting spent in this place.
 E = Time spent auto-exploring this place.
 F = Levels seen in this place.
 G = Mean time per level.
                   A        B        C        D        E       F      G
               +--------+--------+--------+--------+--------+-----+--------+
         Total |   4007 |   3901 |    106 |     77 |   2501 |   6 |  667.8 |
       Dungeon |   3827 |   3732 |     95 |     77 |   2342 |   5 |  765.4 |
        Temple |    180 |    169 |     11 |      0 |    159 |   1 |  180.0 |
               +--------+--------+--------+--------+--------+-----+--------+

Top non-repeatable levels by time:
     D:4: 1136 daAuts
     D:3: 925 daAuts
     D:2: 836 daAuts
     D:1: 748 daAuts
     D:5: 181 daAuts
  Temple: 180 daAuts
